 Dungeon Crawl Stone Soup version 0.27.1-1-g398f81649c (webtiles) character file.

Game seed: 12584256415433005855

11 r3algoood the Magician (level 2, -3/20 HPs)
             Began as a Draconian Hedge Wizard on Sept 7, 2021.
             Slain by an adder (4 damage)
             ... on level 2 of the Dungeon.
             The game lasted 00:01:34 (420 turns).

r3algoood the Magician (Draconian Hedge Wizard)      Turns: 420, Time: 00:01:35

Health: -3/20      AC:  4    Str: 12    XL:     2   Next: 17%
Magic:  6/6        EV: 12    Int: 14    God:
Gold:   0          SH:  0    Dex: 10    Spells: 6/7 levels left

rFire    . . .     SeeInvis .   a - +0 dagger
rCold    . . .     Faith    .   (no shield)
rNeg     . . .     Spirit   .   (armour unavailable)
rPois    .         Reflect  .   b - +0 hat
rElec    .         Harm     .   (no cloak)
rCorr    .         Rampage  .   (no gloves)
Will     .....                  (no boots)
Stlth    ++........             (no amulet)
HPRegen  0.06/turn              (no ring)
MPRegen  0.10/turn              (no ring)

@: lethally poisoned (-3 -> -6)
A: AC +4, unfitting armour, cold-blooded
a: no special abilities


You were on level 2 of the Dungeon.
You visited 1 branch of the dungeon, and saw 2 of its levels.

Inventory:

Hand Weapons
 a - a +0 dagger (weapon)
Missiles
 d - 2 throwing nets
Armour
 b - a +0 hat (worn)
Jewellery
 c - an amulet of guardian spirit


   Skills:
 + Level 1.8 Dodging
 + Level 1.9 Stealth
 + Level 3.3 Spellcasting
 + Level 1.2 Conjurations
 + Level 1.1 Summonings
 + Level 1.0 Translocations


You had 6 spell levels left.
You knew the following spells:

 Your Spells              Type           Power      Damage    Failure   Level
a - Magic Dart            Conj           20%        1d4       13%         1

Your spell library contained the following spells:

 Spells                   Type           Power      Damage    Failure   Level
 Blink                    Tloc           N/A        N/A       21%         2
 Call Imp                 Summ           5%         N/A       21%         2
 Slow                     Hex            2%         N/A       30%         2
 Conjure Flame            Conj/Fire      4%         6-21      43%         3
 Mephitic Cloud           Conj/Pois/Air  3%         N/A       47%         3


Dungeon Overview and Level Annotations

Branches:
Dungeon (2/15)

Altars:


Innate Abilities, Weirdness & Mutations

Your plain brown scales are hard. (AC +4)
You cannot fit into any form of body armour.
You are cold-blooded and may be slowed by cold attacks.


Message History

The adder bites you but does no damage. x2
The frilled lizard hisses.
A hobgoblin comes into view.
The goblin misses you. The adder barely misses you.
The hobgoblin shouts!
You hit the hobgoblin but do no damage. The adder bites you but does no damage.
The hobgoblin closely misses you.
You closely miss the hobgoblin. The adder bites you.
The adder bites you but does no damage.
The hobgoblin hits you but does no damage.
You hit the hobgoblin. You tail-slap the hobgoblin.
You kill the hobgoblin!
The adder bites you.
You see here a hobgoblin corpse.
The adder closely misses you.
The frilled lizard hisses.
The adder barely misses you. The adder bites you but does no damage.
The adder misses you.
Found a leather armour.
You hit the adder.
The adder is lightly wounded.
The adder bites you.
* * * LOW HITPOINT WARNING * * *
You hit the adder.
The adder is moderately wounded.
The adder bites you.
* * * LOW HITPOINT WARNING * * *
You are lethally poisoned!
The adder poisons you! The adder closely misses you.
You closely miss the adder.
The adder is moderately wounded.
* * * LOW HITPOINT WARNING * * *
You feel sick. The adder barely misses you.
You hit the adder.
The adder is severely wounded.
* * * LOW HITPOINT WARNING * * *
You feel sick. The adder bites you.
You die...

####.#
#.# ###
#.# #.#
#.# #l#
#g# #g#
#S#######
#@...[...
#########


You could see an adder, a hobgoblin, a goblin and a frilled lizard.

Vanquished Creatures
  3 ball pythons
  An endoplasm (D:1)
  2 goblins (D:1)
  A hobgoblin (D:2)
  A bat (D:1)
  A kobold (D:1)
  2 rats
11 creatures vanquished.

Notes
Turn   | Place    | Note
-------+----------+-------------------------------------------
     0 | D:1      | r3algoood the Draconian Hedge Wizard began the quest for
                  | the Orb.
     0 | D:1      | Reached XP level 1. HP: 14/14 MP: 4/4
   265 | D:1      | Reached XP level 2. HP: 10/20 MP: 6/6
   420 | D:2      | HP: 1/20 [poisoned by an adder]
   420 | D:2      | Slain by an adder

Illustrated notes

Levels and vault maps discovered:
D:1:      minmay_arrival_statue_studded, layout_loops_ring
D:2:      layout_basic

Action                   || total
-------------------------++-------
Melee: Dagger            ||    36
       Tailslap          ||     3
 Cast: Magic Dart        ||     3
 Stab: Sleeping          ||     1
Armor: Skin              ||    18
Dodge: Dodged            ||    51
